 Dungeon Crawl Stone Soup version 0.20.0-10-g0535bb4 (webtiles) character file.

58283 MDvedh the Bludgeoner (level 14, -8/113 (114) HPs)
             Began as a Barachi Artificer on June 6, 2017.
             Was the Champion of Okawaru.
             Hit by a large rock thrown by a stone giant (24 damage)
             ... on level 2 of the Orcish Mines.
             The game lasted 00:40:40 (20076 turns).

MDvedh the Bludgeoner (Barachi Artificer)          Turns: 20076, Time: 00:40:41

HP:   -8/113 (114)  AC: 25    Str: 18    XL:     14   Next: 89%
MP:   21/21         EV: 17    Int: 13    God:    Okawaru [******]
Gold: 1706          SH:  7    Dex: 15    Spells: 13/13 levels left

rFire    . . .     SeeInvis .   E - +4 flail (crush)
rCold    . . .     Gourm    .   U - +0 buckler {reflect}
rNeg     . . .     Faith    .   I - +0 chain mail
rPois    .         Spirit   .   (helmet restricted)
rElec    .         Reflect  +   x - +2 cloak
rCorr    .         Harm     .   t - +2 pair of gloves
MR       ++...                  O - +2 pair of boots {Fly}
Stlth    ..........             D - amulet of regeneration
Regen    1.1/turn               k - ring of protection from magic
MPRegen  0.2/turn               q - +5 ring of dexterity

@: heroism, can't hop, flying, slow
A: +LOS, swims, horns 1, clumsy 1, regeneration 1, screaming 2, slowness 1,
strong legs 2
a: Hop, Heroism, Finesse, Renounce Religion


You were on level 2 of the Orcish Mines.
You worshipped Okawaru.
Okawaru was exalted by your worship.
You were not hungry.

You visited 4 branches of the dungeon, and saw 20 of its levels.
You also visited: Bailey.

You collected 1706 gold pieces.

Inventory:

Hand Weapons
 E - a +4 flail of crushing (weapon)
Armour
 t - a +2 pair of gloves (worn)
 x - a +2 cloak (worn)
 I - a +0 chain mail (worn)
 O - a +2 pair of boots of flying (worn)
 U - a +0 buckler of reflection (worn)
Jewellery
 k - a ring of protection from magic (left hand)
 q - a +5 ring of dexterity (right hand)
 B - an uncursed ring of see invisible
 D - an amulet of regeneration (around neck)
 L - an uncursed ring of protection from cold
Wands
 b - a wand of lightning (8/15)
 c - a wand of flame (8/48)
 d - a wand of enslavement (12/24)
 e - a wand of random effects (15/48)
 y - a wand of clouds (0/9)
 N - a wand of confusion (21/48)
 P - a wand of polymorph (2/24)
Scrolls
 a - 6 scrolls of remove curse
 g - 7 scrolls of enchant weapon
 j - 9 scrolls of identify
 l - a scroll of silence
 m - 5 scrolls of enchant armour
 o - a scroll of blinking
 v - a scroll of summoning
 C - a scroll of amnesia
 H - 9 scrolls of teleportation
 K - 2 scrolls of fear
 V - a scroll of fog
Potions
 h - 5 potions of flight
 i - 4 potions of brilliance
 r - 4 potions of might
 s - 3 potions of mutation
 u - 8 potions of haste
 z - 2 potions of agility
 A - 4 potions of resistance
 G - 8 potions of heal wounds
 M - a potion of cancellation
 Q - a potion of ambrosia
 R - 2 potions of berserk rage
 S - a potion of magic
 T - 7 potions of curing
Comestibles
 f - a bread ration
 n - 8 royal jellies
 p - 10 fruits
 w - 10 meat rations


   Skills:
 + Level 11.7(16.7) Fighting
   Level 1.1(6.1) Short Blades
 + Level 15.6(20.6) Maces & Flails
 + Level 12.2(17.2) Armour
 + Level 10.9(15.9) Dodging
 - Level 0.8(5.8) Stealth
 - Level 5.8(10.8) Shields
 - Level 10.2 Invocations
 - Level 3.2 Evocations


You had 13 spell levels left.
You didn't know any spells.

Dungeon Overview and Level Annotations

Branches:
Dungeon (11/15)            Temple (1/1) D:4            Lair (6/6) D:8
  Swamp (0/4) Lair:2       Spider (0/4) Lair:4        Slime (0/5) Lair:6
    Orc (2/2) D:11            Elf (0/3) Orc:2

Altars:
Cheibriados
Dithmenos
Elyvilon
Fedhas
Gozag
Hepliaklqana
Kikubaaqudgha
Okawaru
Qazlal
Sif Muna
Vehumet
Zin
Beogh

Annotations:
Lair:6 2 runed doors, exclusion: oklob plant


Innate Abilities, Weirdness & Mutations

Shadows flee at your approach. (+LOS)
You can swim through water.
You cover ground slowly.
You can hop longer distances.
You have a pair of small horns on your head.
You are clumsy. (Dex -2)
Your natural rate of healing is unusually fast.
You sometimes yell uncontrollably at your foes.


Message History

* * * LOW HITPOINT WARNING * * *
You hit the stone giant but do no damage.
The stone giant is heavily wounded.
You sock the stone giant!
You headbutt the stone giant, but do no damage.
The stone giant is severely wounded.
The stone giant hits you!
* * * LOW HITPOINT WARNING * * *
You hit the stone giant but do no damage.
You headbutt the stone giant, but do no damage.
The stone giant is severely wounded.
The stone giant barely misses you.
You thump the stone giant!
You headbutt the stone giant, but do no damage.
The stone giant is severely wounded.
Okay, then.
Hop to where?
Press: ? - help, Dir - move target cursor Boing!
The stone giant throws a large rock.
The large rock hits you!!
You die...

+........# #......#
#......##
####(......##
##.§C........##
#.............##
####....#........##
#.##(.(.##.#......##
#.....@.####.......#
#..#...####.......##
##.##.))##.......##
####..<........##
##)........##
#.......###
#.(....###
#........##
####.........##


You could see a stone giant.

Vanquished Creatures
  Kirke (Lair:4)
  A stone giant (Orc:1)
  An ettin (Orc:1)
  Josephine (Lair:6)
  The ghost of PeterLawrence the Basher, a journeyman MiFi of Okawaru (Lair:1)
  The ghost of Nattefrost the Spear-Bearer, a journeyman MfGl of Ru (D:11)
  2 hydras
  3 death yaks (Lair:6)
  7 two-headed ogres
  An orc high priest (Orc:2)
  A fire crab (Lair:6)
  2 lindwurms
  2 orc knights (Bailey)
  A cyclops (Orc:2)
  A moth of wrath (Lair:4)
  6 elephants
  8 black mambas
  A torpor snail (Lair:3)
  2 molten gargoyles (Lair:6)
  8 spiny frogs
  A centaur skeleton (D:11)
  8 komodo dragons
  3 rime drakes
  2 trolls (D:11)
  3 jumping spiders (Lair:4)
  A hornet (D:10)
  5 blink frogs (Lair:6)
  22 dream sheep
  5 hippogriffs
  4 redbacks (Lair:4)
  9 hogs
  Eustachio (D:4)
  4 wraiths
  6 wyverns
  2 basilisks (Lair:6)
  50 yaks
  2 hungry ghosts (D:10)
  A human (D:7)
  5 vampire mosquitoes (Lair:2)
  A steam dragon (Lair:6)
  A warg (Orc:2)
  8 water moccasins
  Edmund (D:6)
  4 hell hounds (Lair:6)
  4 porcupines
  4 ice beasts
  4 phantoms
  2 sky beasts
  2 black bears (D:10)
  15 orc warriors
  3 necrophages
  15 wolves
  3 ogres
  10 centaurs
  9 crocodiles
  4 big kobolds
  14 bullfrogs
  A gnoll sergeant (D:8)
  A wyvern skeleton (D:11)
  4 scorpions
  11 killer bees
  10 wights
  4 howler monkeys
  An electric eel (D:6)
  7 crimson imps
  3 bullfrog zombies
  6 lava snakes
  A quasit (D:6)
  A gnoll shaman (D:5)
  5 orc priests
  2 hounds
  5 jellies
  A bullfrog skeleton (D:5)
  An iguana (D:10)
  Ijyb (D:3)
  13 orc wizards
  8 worker ants
  2 killer bee zombies (D:6)
  8 ogre zombies (D:11)
  A hound skeleton (D:10)
  A howler monkey zombie (D:9)
  6 gnolls
  18 adders
  A shadow imp (D:11)
  An adder zombie (D:7)
  An adder skeleton (D:8)
  A worm (D:4)
  3 dart slugs
  7 leopard geckos
  88 orcs
  5 giant cockroaches
  12 hobgoblins
  14 jackals
  25 kobolds
  8 quokkas
  A ball python (D:2)
  14 bats
  10 frilled lizards
  12 goblins
  2 goblin skeletons (D:11)
  A goblin zombie (D:11)
  2 hobgoblin skeletons (D:11)
  3 hobgoblin zombies (D:11)
  A jackal zombie (D:7)
  An orc skeleton (D:11)
  16 orc zombies (D:11)
  A quokka zombie (D:5)
  10 rats
  A fungus (Lair:4)
  2 plants
654 creatures vanquished.

Vanquished Creatures (others)
  A human (Lair:4)
  A crocodile (Lair:4)
  A leopard gecko (D:6)
  12 fungi
  4 plants
19 creatures vanquished.

Grand Total: 673 creatures vanquished

Notes
Turn   | Place    | Note
-------+----------+-------------------------------------------
     0 | D:1      | MDvedh the Barachi Artificer began the quest for the Orb.
     0 | D:1      | Reached XP level 1. HP: 15/15 MP: 3/3
    60 | D:1      | Reached XP level 2. HP: 21/21 MP: 4/4
   215 | D:1      | Reached skill level 1 in Armour
   306 | D:1      | Reached skill level 1 in Maces & Flails
   384 | D:1      | Reached XP level 3. HP: 25/27 MP: 5/5
   661 | D:2      | Reached skill level 2 in Maces & Flails
  1129 | D:2      | Reached XP level 4. HP: 32/33 MP: 6/6
  2100 | D:3      | Noticed Ijyb
  2146 | D:3      | Killed Ijyb
  2186 | D:3      | Reached skill level 3 in Maces & Flails
  2186 | D:3      | Reached XP level 5. HP: 27/39 MP: 7/7
  3356 | D:3      | Reached XP level 6. HP: 42/47 MP: 8/8
  3425 | D:3      | Reached skill level 4 in Maces & Flails
  3443 | D:3      | HP: 3/70 [poisoned by an orc wizard]
  3450 | D:3      | HP: 2/47 [poisoned by an orc wizard]
  3902 | D:4      | Found a staircase to the Ecumenical Temple.
  3920 | Temple   | Entered the Ecumenical Temple
  3995 | Temple   | Became a worshipper of Warmaster Okawaru
  4081 | D:4      | Noticed Eustachio
  4138 | D:4      | Killed Eustachio
  4138 | D:4      | Reached skill level 5 in Maces & Flails
  4344 | D:4      | Reached XP level 7. HP: 54/54 MP: 9/9
  4492 | D:4      | Reached skill level 6 in Maces & Flails
  4501 | D:5      | Entered Level 5 of the Dungeon
  4913 | D:5      | Reached skill level 7 in Maces & Flails
  4949 | D:4      | Reached * piety under Okawaru
  4949 | D:4      | Reached XP level 8. HP: 52/59 MP: 10/10
  4991 | D:5      | Reached skill level 8 in Maces & Flails
  5104 | D:5      | Found a shadowy altar of Dithmenos.
  5213 | D:5      | Reached skill level 9 in Maces & Flails
  5430 | D:5      | Reached ** piety under Okawaru
  5493 | D:6      | Reached skill level 10 in Maces & Flails
  5744 | D:6      | Reached XP level 9. HP: 57/64 MP: 11/11
  5924 | D:6      | Reached skill level 11 in Maces & Flails
  6384 | D:6      | Noticed Edmund
  6397 | D:6      | Killed Edmund
  6760 | D:7      | Reached skill level 12 in Maces & Flails
  6811 | D:7      | Reached *** piety under Okawaru
  7129 | D:7      | Reached skill level 13 in Maces & Flails
  7141 | D:7      | Reached XP level 10. HP: 44/70 MP: 12/12
  7775 | D:8      | Reached skill level 14 in Maces & Flails
  7790 | D:8      | Reached **** piety under Okawaru
  7932 | D:8      | Noticed a two-headed ogre
  7934 | D:8      | Noticed a two-headed ogre
  7945 | D:8      | Killed a two-headed ogre
  7954 | D:8      | Found a staircase to the Lair.
  7955 | D:8      | Killed a two-headed ogre
  7955 | D:8      | Reached skill level 15 in Maces & Flails
  8287 | D:8      | Reached ***** piety under Okawaru
  8533 | D:8      | Reached skill level 1 in Shields
  8549 | D:8      | Found a radiant altar of Vehumet.
  8749 | D:8      | Reached skill level 1 in Invocations
  8886 | D:9      | Noticed a two-headed ogre
  8900 | D:9      | Killed a two-headed ogre
  8900 | D:9      | Reached skill level 5 in Fighting
  8900 | D:9      | Reached XP level 11. HP: 51/78 MP: 11/13
  9123 | D:9      | Reached skill level 5 in Armour
  9697 | D:9      | Found a stormy altar of Qazlal.
  9913 | Lair:1   | Entered Level 1 of the Lair of Beasts
 10259 | Lair:1   | Noticed PeterLawrence's ghost (journeyman MiFi)
 10292 | Lair:1   | Killed PeterLawrence's ghost
 10292 | Lair:1   | Reached skill level 5 in Dodging
 10775 | Lair:2   | Found a staircase to the Swamp.
 10783 | Lair:2   | Received a gift from Okawaru
 12040 | Lair:3   | Noticed a four-headed hydra
 12046 | Lair:3   | Killed a four-headed hydra
 12046 | Lair:3   | Reached skill level 5 in Shields
 12046 | Lair:3   | Reached XP level 12. HP: 90/90 MP: 12/15
 12566 | Lair:3   | Gained mutation: You have sharp fingernails. [potion of mutation]
 12566 | Lair:3   | Gained mutation: Your muscles are strong. (Str +2) [potion of mutation]
 12567 | Lair:3   | Lost mutation: You have sharp fingernails. [potion of mutation]
 12567 | Lair:3   | Lost mutation: Your muscles are strong. (Str +2) [potion of mutation]
 12567 | Lair:3   | Gained mutation: Your natural rate of healing is unusually fast. [potion of mutation]
 12567 | Lair:3   | Gained mutation: You occasionally shout uncontrollably at your foes. [potion of mutation]
 12567 | Lair:3   | Gained mutation: You are clumsy. (Dex -2) [potion of mutation]
 12567 | Lair:3   | Gained mutation: You have a pair of small horns on your head. [potion of mutation]
 12831 | Lair:3   | Reached skill level 5 in Invocations
 13124 | Lair:4   | Noticed Kirke
 13237 | Lair:4   | Killed Kirke
 13370 | Lair:3   | Received a gift from Okawaru
 13526 | Lair:4   | Reached ****** piety under Okawaru
 13526 | Lair:4   | Gained mutation: You can hop longer distances. [Barachi growth]
 13526 | Lair:4   | Reached XP level 13. HP: 94/99 MP: 18/18
 13799 | Lair:4   | Found a hole to the Spider Nest.
 13867 | Lair:4   | Noticed Nessos
 13871 | Lair:4   | Noticed Nessos
 13871 | Lair:4   | Nessos changed into Nessos the moth of wrath
 13878 | Lair:4   | Killed Nessos the moth of wrath
 14961 | Lair:5   | You fall through a shaft!
 14961 | Lair:6   | Entered Level 6 of the Lair of Beasts
 15423 | Lair:6   | Noticed Josephine
 15462 | Lair:6   | Reached skill level 10 in Armour
 15515 | Lair:6   | Killed Josephine
 15515 | Lair:6   | Reached skill level 10 in Fighting
 15534 | Lair:6   | Found a staircase to the Slime Pits.
 15569 | Lair:6   | Received a gift from Okawaru
 15841 | Lair:6   | Reached XP level 14. HP: 80/110 MP: 15/21
 15868 | Lair:6   | Found a large runed door.
 15868 | Lair:6   | Found a large runed door.
 16619 | Lair:6   | Gained mutation: You sometimes yell uncontrollably at your foes. [mutagenic glow]
 16934 | D:10     | Entered Level 10 of the Dungeon
 16947 | D:10     | Reached skill level 10 in Invocations
 16971 | D:10     | Found a flagged portal.
 16980 | Bailey   | Entered a bailey
 17137 | Bailey   | Reached skill level 10 in Dodging
 17197 | Bailey   | Received a gift from Okawaru
 18315 | D:11     | Found a staircase to the Orcish Mines.
 18447 | D:11     | Noticed Nattefrost's ghost (journeyman MfGl)
 18466 | D:11     | Killed Nattefrost's ghost
 18598 | D:11     | Found a hazy altar of Hepliaklqana.
 19184 | Orc:1    | Entered Level 1 of the Orcish Mines
 19184 | Orc:1    | Noticed a stone giant
 19253 | Orc:1    | Killed a stone giant
 19351 | Orc:1    | Found a roughly hewn altar of Beogh.
 19806 | Orc:2    | Entered Level 2 of the Orcish Mines
 19806 | Orc:2    | Found a staircase to the Elven Halls.
 19960 | Orc:2    | Noticed an orc warlord
 20049 | Orc:2    | Noticed a stone giant
 20076 | Orc:2    | Hit by a large rock thrown by a stone giant

Skill      XL: |  1  2  3  4  5  6  7  8  9 10 11 12 13 14 |
---------------+-------------------------------------------+-----
Armour         | 1 2 3 4 7 9 10 12 | 12.2
Maces & Flails | 1 2 3 5 7 10 13 15 | 15.6
Fighting       | 2 3 4 5 7 8 10 11 | 11.7
Dodging        | 3 6 7 9 10 | 10.9
Shields        | 2 5 |  5.8
Invocations    | 1 4 6 9 10 | 10.2
Short Blades   | |  1.1
Stealth        | |  0.8
Evocations     | |  3.2

Action                   |  1- 3 |  4- 6 |  7- 9 | 10-12 | 13-15 || total
-------------------------+-------+-------+-------+-------+-------++-------
Melee: Short sword       |    24 |       |       |       |       ||    24
       Mace              |   138 |   234 |       |       |       ||   372
       Flail             |       |   115 |   363 |   643 |  1105 ||  2226
       Headbutt          |       |       |       |    33 |   245 ||   278
       Unarmed           |       |       |       |    11 |       ||    11
Invok: Heroism           |       |       |     4 |    17 |    16 ||    37
       Finesse           |       |       |       |       |     3 ||     3
 Abil: Hop               |       |     3 |     1 |     5 |     6 ||    15
Evoke: Wand              |       |     2 |       |    19 |    16 ||    37
  Use: Potion            |     2 |     5 |       |     2 |       ||     9
       Scroll            |       |    10 |     5 |    16 |     6 ||    37
 Stab: Confused          |       |       |       |     8 |     3 ||    11
  Eat: Chunk             |     1 |     4 |     6 |    13 |    20 ||    44
       Bread ration      |       |     2 |     1 |     1 |     3 ||     7
       Royal jelly       |       |       |       |     2 |       ||     2
Armor: Leather armour    |    17 |       |       |       |       ||    17
       Ring mail         |    67 |   215 |   171 |       |       ||   453
       Skin              |     6 |   110 |       |       |       ||   116
       Chain mail        |       |       |    25 |   288 |   488 ||   801
Dodge: Dodged            |   132 |   267 |   155 |   283 |   669 ||  1506
Block: Buckler           |    21 |    67 |    44 |   132 |   262 ||   526
       Reflection        |       |       |       |       |     5 ||     5
